 Dungeon Crawl Stone Soup version 0.31-a0-1178-gc5c9b8f871 (webtiles) character file.

Game seed: 18360913122337624619

1670 Inarius the Trooper (level 8, -11/64 HPs)
             Began as a Mummy Fighter on Dec 11, 2023.
             Mangled by a wyvern (15 damage)
             ... on level 5 of the Dungeon.
             The game lasted 00:08:29 (5844 turns).

Inarius the Trooper (Mummy Fighter)                 Turns: 5844, Time: 00:08:29

Health: -11/64     AC: 11    Str: 22    XL:     8   Next: 70%
Magic:  8/8        EV:  8    Int:  7    God:
Gold:   317        SH:  4    Dex: 11    Spells: 7/7 levels left

rFire   x . .        a - +0 war axe
rCold   + . .        c - +0 buckler
rNeg    + + +        s - +0 chain mail
rPois   ∞            p - +0 helmet
rElec   .            (no cloak)
rCorr   .            (no gloves)
SInv    .            (no boots)
Will    +....        r - amulet of the acrobat Stlth
                     (no ring)
HPRegen 0.30/turn    (no ring)
MPRegen 0.11/turn

%: acrobat, faith
@: no status effects
A: cold resistance 1, negative energy resistance 3, torment resistance 2, heat
vulnerability 1, in touch with death 1, no potions, faith
a: no special abilities


You were on level 5 of the Dungeon.
You visited 1 branch of the dungeon, and saw 6 of its levels.

You collected 317 gold pieces.

Inventory:

Hand Weapons
 a - a +0 war axe (weapon)
 b - a +2 whip of venom
Missiles
 d - 8 boomerangs (quivered)
Armour
 c - a +0 buckler (worn)
 p - a +0 helmet (worn)
 s - a +0 chain mail (worn)
Jewellery
 r - an amulet of the acrobat (around neck)
Wands
 q - a wand of polymorph (2)
Scrolls
 e - 2 scrolls of noise {unknown}
 f - a scroll of enchant weapon {unknown}
 g - 7 scrolls of identify {unknown}
 h - a scroll of vulnerability {unknown}
 i - a scroll of revelation {unknown}
 j - a scroll of fear {unknown}
 k - a scroll of torment {unknown}
 l - a scroll of fog {unknown}
 m - a scroll of summoning {unknown}
 n - 2 scrolls of enchant armour {unknown}
 o - 6 scrolls of teleportation {unknown}


   Skills:
 + Level 6.3 Fighting
 * Level 4.2 Axes
 + Level 1.0 Throwing
 + Level 6.3 Armour
 + Level 2.0 Dodging
 + Level 0.7 Stealth
 + Level 3.4 Shields
 + Level 0.1 Evocations


You had 7 spell levels left.
You didn't know any spells.
Your spell library contained the following spells:

 Spells                   Type           Power      Damage    Failure   Level
 Sandblast                Erth           0%         2d4       97%         1
 Passwall                 Tmut/Erth      0%         N/A       99%         2
 Stone Arrow              Conj/Erth      0%         3d7       100%        3
 Summon Guardian Golem    Hex/Summ       0%         N/A       100%        3
 Tukima's Dance           Hex            0%         N/A       100%        3
 Brom's Barrelling Bould  Conj/Erth      0%         2d3       100%        4
 Dimensional Bullseye     Hex/Tloc       0%         N/A       100%        4
 Iskenderun's Mystic Bla  Conj/Tloc      0%         2d3       100%        4
 Orb of Destruction       Conj           0%         9d5       100%        7
 Spellforged Servitor     Conj/Summ      0%         N/A       100%        7


Dungeon Overview and Level Annotations

Branches:
Dungeon (6/15)
 Temple: D:4-7

Altars:
Fedhas
Hepliaklqana

Annotations:
D:6 Pikel


Innate Abilities, Weirdness & Mutations

You are immune to poison.
Your flesh is cold resistant. (rC+)
You are immune to negative energy. (rN+++)
You are immune to unholy pain and torment.
You are vulnerable to heat. (rF-)
You are in touch with the powers of death.
You do not drink.
You have a special connection with the divine. (Faith)


Message History

The wyvern misses you. You block the wyvern's attack.
The orc priest miscasts a cantrip.
The wyvern bites you! The wyvern attacks as it pursues you!
You block the wyvern's attack. The wyvern closely misses you.
There is a stone staircase leading up here.
The wyvern barely misses you. The wyvern closely misses you.
You climb upwards.
There is a stone staircase leading down here.
You slash the wyvern!
The wyvern is moderately wounded.
The wyvern completely misses you. You block the wyvern's attack.
You barely miss the wyvern.
The wyvern is moderately wounded.
The wyvern bites you! x2
* * * LOW HITPOINT WARNING * * *
You slash the wyvern!
The wyvern is almost dead.
The wyvern bites you but does no damage.
The wyvern bites you.
* * * LOW HITPOINT WARNING * * *
You closely miss the wyvern.
The wyvern is almost dead.
The wyvern bites you!
* * * LOW HITPOINT WARNING * * *
The wyvern bites you but does no damage.
You closely miss the wyvern.
The wyvern is severely wounded.
The wyvern bites you.
* * * LOW HITPOINT WARNING * * *
The wyvern bites you.
* * * LOW HITPOINT WARNING * * *
You closely miss the wyvern.
The wyvern is severely wounded.
You block the wyvern's attack. The wyvern barely misses you.
You hit the wyvern.
The wyvern is almost dead.
The wyvern bites you!
You die...

............#########........##.#
............'..# #.######.##.#
#.###.......#### #.# #.##.#
#.########.....# #.# #.##.#
......####.....# #.# #.##.#
.........'.....######.### #.##.#
#####.####............#.# #.##.#
....#.####.....########.####.##.#
...........[....@k.......>...##.#
##.....######.#########.#######.#
(...............................#
##.....######..########.#########
.....#.# #....########.# .....#.#
#..........##.# .......#
#....#####.##.# .....#.#######.#
#.##.# .....#..[.[<.#.# #.##.#
### ##


You could see a wyvern.

Vanquished Creatures
  Prince Ribbit (D:5)
  An ice beast (D:5)
  A black bear (D:5)
  A boggart (D:5)
  A centaur (D:6)
  A phantom (D:4)
  A bullfrog (D:4)
  4 scorpions (D:5)
  A howler monkey (D:5)
  An orc priest (D:3)
  3 hounds (D:4)
  2 sleepcaps
  2 iguanas
  6 orc wizards
  Natasha (thrice) (D:3)
  Robin (D:3)
  6 gnolls
  6 adders
  5 worms
  3 dart slugs
  13 orcs
  7 ball pythons
  8 bats
  14 endoplasms
  7 giant cockroaches
  17 goblins
  7 hobgoblins
  5 jackals
  3 quokkas
  10 kobolds
  5 rats
146 creatures vanquished.

Notes
Turn   | Place    | Note
-------+----------+-------------------------------------------
     0 | D:1      | Inarius the Mummy Fighter began the quest for the Orb.
     0 | D:1      | Reached XP level 1. HP: 18/18 MP: 1/1
     3 | D:1      | Found a runed translucent door.
    63 | D:1      | Reached XP level 2. HP: 21/24 MP: 2/2
   196 | D:1      | Reached XP level 3. HP: 29/29 MP: 3/3
   965 | D:2      | Reached XP level 4. HP: 37/37 MP: 4/4
  1046 | D:2      | Identified the +1 leather armour of Blue Amelioration {rN++
                  | Regen+ rCorr Slay-6}
  1736 | D:3      | Noticed Natasha
  1744 | D:3      | Killed Natasha
  2035 | D:3      | Reached XP level 5. HP: 42/42 MP: 5/5
  2140 | D:3      | Noticed Robin
  2173 | D:3      | Killed Robin
  2643 | D:3      | Noticed Natasha
  2650 | D:3      | Killed Natasha
  2833 | D:3      | Reached XP level 6. HP: 20/49 MP: 6/6
  2971 | D:4      | Reached skill level 1 in Dodging
  2988 | D:3      | Noticed Natasha
  3136 | D:3      | Killed Natasha
  3594 | D:4      | Found a blossoming altar of Fedhas.
  3610 | D:4      | Reached XP level 7. HP: 48/55 MP: 7/7
  3674 | D:4      | Found a hazy altar of Hepliaklqana.
  3714 | D:4      | Reached skill level 5 in Fighting
  4342 | D:5      | Entered Level 5 of the Dungeon
  4368 | D:5      | Noticed Sigmund
  4476 | D:5      | Sigmund changed into Sigmund the boggart
  4476 | D:5      | Noticed Sigmund
  4485 | D:5      | Reached skill level 5 in Armour
  4499 | D:5      | Noticed a steam dragon
  4499 | D:5      | Killed Sigmund the boggart
  4501 | D:5      | Noticed Prince Ribbit
  4697 | D:5      | Killed Prince Ribbit
  4698 | D:5      | Reached XP level 8. HP: 26/64 MP: 8/8
  5726 | D:6      | Reached skill level 1 in Throwing
  5766 | D:6      | Noticed Pikel
  5844 | D:5      | Mangled by a wyvern

Illustrated notes

Levels and vault maps discovered:
D:1:      dpeg_arrival_caged_fury, layout_basic, st_stairs_14
D:2:      layout_loops_corners, roderic_roman_lattice, minmay_between
D:3:      layout_loops_cross, minmay_misc_feat_four_crosses, uniq_robin,
          uniq_natasha
D:4:      layout_basic, mainiacjoe_overflow_catch_the_wave, dreamdust_gnoll_farm
D:5:      layout_basic, uniq_sigmund, uniq_prince_ribbit1
D:6:      layout_loops_cross, mainiacjoe_overflow_big_doors, uniq_pikel

Skill      XL: |  1  2  3  4  5  6  7  8 |
---------------+-------------------------+-----
Axes           | 2 3 4 |  4.2
Armour         | 3 4 5 6 |  6.3
Fighting       | 4 5 6 |  6.3
Shields        | 3 |  3.4
Dodging        | 1 2 |  2.0
Throwing       | 1 |  1.0
Stealth        | |  0.7
Evocations     | |  0.1

Action                     |  1- 3 |  4- 6 |  7- 9 || total
---------------------------+-------+-------+-------++-------
  Melee: War axe           |    87 |    28 |    20 ||   135
         Whip              |    37 |   209 |   158 ||   404
         Unarmed           |       |     1 |       ||     1
  Throw: Boomerang         |       |       |    42 ||    42
  Evoke: Wand              |       |       |     2 ||     2
 Armour: Scale mail        |    86 |   215 |    22 ||   323
         Chain mail        |       |       |   116 ||   116
  Dodge: Dodged            |    63 |   120 |    75 ||   258
  Block: Buckler           |    26 |    62 |    32 ||   120

Table legend: (Time is in decaauts)
 A = Elapsed time spent in this place.
 B = Non-inter-level travel time spent in this place.
 C = Inter-level travel time spent in this place.
 D = Time resting spent in this place.
 E = Time spent auto-exploring this place.
 F = Levels seen in this place.
 G = Mean time per level.
                   A        B        C        D        E       F      G
               +--------+--------+--------+--------+--------+-----+--------+
         Total |   5948 |   5693 |    255 |   1013 |   3412 |   6 |  991.3 |
       Dungeon |   5948 |   5693 |    255 |   1013 |   3412 |   6 |  991.3 |
               +--------+--------+--------+--------+--------+-----+--------+

Top non-repeatable levels by time:
     D:4: 1535 daAuts
     D:3: 1250 daAuts
     D:2: 1217 daAuts
     D:5: 952 daAuts
     D:1: 790 daAuts
     D:6: 202 daAuts
